 Dungeon Crawl Stone Soup version 0.22-a0-897-g1b7a381375 (webtiles) character file.

8546 Mirvelgyr the Cleaver (level 11, 0/88 HPs)
             Began as a Deep Dwarf Fighter on July 31, 2018.
             Was a High Priest of Makhleb.
             Slain by a nine-headed hydra (7 damage)
             ... on level 10 of the Dungeon.
             The game lasted 00:13:37 (7775 turns).

Mirvelgyr the Cleaver (Deep Dwarf Fighter)          Turns: 7775, Time: 00:13:38

Health: 0/88       AC: 18    Str: 22    XL:     11   Next: 11%
Magic:  15/15      EV:  5    Int: 10    God:    Makhleb [*****.]
Gold:   378        SH: 10    Dex: 12    Spells: 10/10 levels left

rFire    . . .     SeeInvis .   m - +6 hand axe (vamp)
rCold    . . .     Gourm    .   c - +0 shield
rNeg     + . .     Faith    .   E - +1 plate armour {rN+}
rPois    .         Spirit   .   w - +0 hat
rElec    .         Reflect  .   (no cloak)
rCorr    .         Harm     +   h - +0 pair of gloves
MR       +....                  (no boots)
Stlth    ..........             x - amulet of harm
HPRegen  0.00/turn              j - ring of stealth
MPRegen  0.14/turn              o - +3 ring of protection

@: non-regenerating
A: damage resistance, heal wounds, sense surroundings 2, no regeneration
a: Heal Wounds, Minor Destruction, Lesser Servant of Makhleb, Major Destruction,
Greater Servant of Makhleb, Renounce Religion


You were on level 10 of the Dungeon.
You worshipped Makhleb.
Makhleb was extremely pleased with you.
You were not hungry.

You visited 1 branch of the dungeon, and saw 10 of its levels.

You collected 520 gold pieces.
You spent 142 gold pieces at shops.

Inventory:

Hand Weapons
 a - a +1 war axe
 m - a +6 vampiric hand axe (weapon)
Armour
 c - a +0 shield (worn)
 h - a +0 pair of gloves (worn)
 v - a +0 large shield
 w - a +0 hat (worn)
 E - a +1 plate armour of positive energy (worn)
Jewellery
 j - a ring of stealth (left hand)
 k - an uncursed ring of magical power
 o - a +3 ring of protection (right hand)
 x - an amulet of harm (around neck)
 y - a +4 ring of evasion {unknown}
 H - an uncursed amulet of harm
 I - an uncursed amulet of the acrobat {unknown}
 P - a +3 ring of protection
Wands
 g - a wand of polymorph (21)
 t - a wand of acid (17)
 z - a wand of paralysis (9)
 A - a wand of random effects (64)
 C - a wand of flame (31)
Scrolls
 b - a scroll of identify
 n - 3 scrolls of enchant armour
 q - 4 scrolls of teleportation
 r - a scroll of amnesia
 s - 6 scrolls of magic mapping
 u - 3 scrolls of fear
 F - 2 scrolls of fog
 G - a scroll of torment
 J - a scroll of immolation {unknown}
 N - a scroll of remove curse
 O - a scroll of random uselessness {unknown}
Potions
 d - a potion of might
 e - a potion of haste
 l - 7 potions of curing
 p - a potion of ambrosia {unknown}
 B - 2 potions of berserk rage {unknown}
 D - 2 potions of agility {unknown}
 K - a potion of cancellation {unknown}
 M - a potion of resistance {unknown}
Miscellaneous
 L - a lightning rod (4/4)
Comestibles
 f - 17 rations
 i - 10 chunks of flesh


   Skills:
 - Level 2.6 Fighting
 - Level 14.9 Axes
 + Level 6.3 Armour
 + Level 6.3 Shields
 * Level 9.0 Invocations


You had 10 spell levels left.
You didn't know any spells.
Your spell library was empty.

Dungeon Overview and Level Annotations

Branches:
Dungeon (10/15)            Temple (0/1) D:5            Lair (0/6) D:9
    Orc: D:9-12

Altars:
Ashenzari
Elyvilon
Makhleb
Nemelex Xobeh
Okawaru
Ru
Sif Muna
Vehumet
Yredelemnul
Beogh

Shops:
D:4 (?!}[   D:5 [


Innate Abilities, Weirdness & Mutations

You are resistant to damage.
You can heal yourself by infusing magical energy.
You passively map the area around you.
You do not regenerate.


Message History

You feel better.
The nine-headed hydra is lightly wounded.
The nine-headed hydra bites you but does no damage.
The nine-headed hydra bites you. x2
The nine-headed hydra bites you but does no damage.
You block the nine-headed hydra's attack. x2
The nine-headed hydra bites you.
The nine-headed hydra bites you but does no damage.
The nine-headed hydra bites you!
You are too injured to fight recklessly!
A demon appears!
The nine-headed hydra bites you!
* * * LOW HITPOINT WARNING * * *
The nine-headed hydra bites you!
* * * LOW HITPOINT WARNING * * *
The nine-headed hydra bites you but does no damage.
The nine-headed hydra bites you.
* * * LOW HITPOINT WARNING * * *
You block the nine-headed hydra's attack. x2
The nine-headed hydra bites you!
You die...

########################
........................
,.............##.........
........###..##.........
.......@# #..##...[)....
.....%3D# #..##.........
...(....# #..##.........
........# #..##.........
........# #..##.........
........# #..#* ........
* .(.....[# #..#
,........ * ........#
#..# ........ , , * #..#
........


You could see a nine-headed hydra and a friendly neqoxec.

Vanquished Creatures
  A two-headed ogre (D:9)
  Pikel (D:6)
  A gargoyle (D:10)
  A troll (D:9)
  Grinder (D:3)
  Prince Ribbit (D:6)
  A vampire (D:10)
  Sigmund (D:2)
  2 wyverns (D:9)
  A wraith (D:9)
  A hungry ghost (D:9)
  Edmund (D:4)
  Menkaure (D:4)
  The ghost of flinch the Chiller, an amateur OpIE (D:4)
  A porcupine (D:9)
  A sky beast (D:9)
  2 ice beasts
  2 orc warriors
  4 black bears (D:9)
  2 necrophages (D:9)
  5 ogres
  A phantom (D:5)
  5 centaurs
  3 slaves (D:6)
  2 big kobolds
  3 crocodiles (D:9)
  An elf zombie (D:9)
  5 bullfrogs
  A wyvern zombie (D:8)
  6 scorpions
  4 killer bees (D:7)
  2 wights (D:9)
  2 crimson imps
  A bullfrog skeleton (D:5)
  A centaur skeleton (D:4)
  6 hounds
  4 human zombies (D:9)
  A gnoll shaman (D:5)
  8 orc priests
  2 jellies
  Jessica (D:3)
  Natasha (thrice) (D:2)
  6 iguanas
  8 orc wizards
  9 worker ants
  A killer bee zombie (D:7)
  A hound zombie (D:8)
  3 hound skeletons
  A mummy (D:9)
  A worker ant zombie (D:5)
  8 gnolls
  14 adders
  A howler monkey skeleton (D:9)
  An ooze (D:3)
  3 adder skeletons
  2 worms (D:3)
  3 dart slugs
  8 leopard geckos
  33 orcs
  3 giant cockroaches
  13 goblins
  2 hobgoblins
  15 jackals
  17 kobolds
  2 quokkas
  2 ball pythons
  9 bats
  4 frilled lizards
  A jackal skeleton (D:7)
  An orc skeleton (D:9)
  19 rats
  11 fungi (D:9)
  2 plants (D:9)
298 creatures vanquished.

Vanquished Creatures (others)
  A slave (D:6)
  An orc (D:3)
  A quokka (D:3)
  2 fungi (D:9)
  2 plants (D:9)
7 creatures vanquished.

Grand Total: 305 creatures vanquished

Notes
Turn   | Place    | Note
-------+----------+-------------------------------------------
     0 | D:1      | Mirvelgyr the Deep Dwarf Fighter began the quest for the Orb.
     0 | D:1      | Reached XP level 1. HP: 20/20 MP: 1/1
    99 | D:1      | Reached skill level 3 in Axes
   136 | D:1      | Reached XP level 2. HP: 27/27 MP: 2/2
   442 | D:1      | Reached XP level 3. HP: 28/33 MP: 3/3
   453 | D:1      | Reached skill level 4 in Axes
   830 | D:2      | Found a burning altar of Makhleb.
   837 | D:2      | Became a worshipper of Makhleb the Destroyer
   845 | D:2      | Noticed Sigmund
   873 | D:2      | Killed Sigmund
   873 | D:2      | Reached skill level 6 in Axes
   873 | D:2      | Reached XP level 4. HP: 20/40 MP: 4/4
   873 | D:2      | Reached XP level 5. HP: 23/46 MP: 5/5
  1123 | D:2      | Found a sparkling altar of Nemelex Xobeh.
  1187 | D:2      | Noticed Natasha
  1194 | D:2      | Killed Natasha
  1194 | D:2      | Reached skill level 7 in Axes
  1194 | D:2      | Reached XP level 6. HP: 14/55 MP: 5/5
  1227 | D:2      | Found a faded altar of an unknown god.
  1331 | D:2      | Noticed Natasha
  1341 | D:2      | Killed Natasha
  1558 | D:2      | Noticed Natasha
  1560 | D:2      | Killed Natasha
  1628 | D:3      | Found a white marble altar of Elyvilon.
  1643 | D:3      | Reached * piety under Makhleb
  1697 | D:3      | Noticed Jessica
  1700 | D:3      | Killed Jessica
  1770 | D:3      | Noticed Grinder
  1789 | D:3      | Killed Grinder
  1789 | D:3      | Reached skill level 8 in Axes
  1789 | D:3      | Reached XP level 7. HP: 16/61 MP: 6/6
  1834 | D:3      | Reached skill level 9 in Axes
  1837 | D:3      | Found an iron altar of Okawaru.
  2011 | D:3      | Reached ** piety under Makhleb
  2292 | D:4      | Found a shattered altar of Ashenzari.
  2434 | D:4      | Found Suoxieku's Magic Scroll Shoppe.
  2440 | D:4      | Bought a scroll of enchant weapon for 97 gold pieces
  2440 | D:4      | Bought a scroll of magic mapping for 45 gold pieces
  2475 | D:4      | Found a runed gate.
  2475 | D:4      | Noticed flinch's ghost (amateur OpIE)
  2476 | D:4      | Found a runed gate.
  2477 | D:4      | Found a runed gate.
  2527 | D:4      | Found Fanimium's Gadget Shoppe.
  2534 | D:4      | Noticed Menkaure
  2552 | D:4      | Killed Menkaure
  2552 | D:4      | Reached skill level 10 in Axes
  2557 | D:4      | Found Momofiq's Antique Armour Boutique.
  2632 | D:4      | Found a radiant altar of Vehumet.
  2788 | D:4      | Found Fafesch's Distillery.
  2809 | D:4      | Reached XP level 8. HP: 15/68 MP: 6/6
  2840 | D:4      | Found Efaa's Weapon Boutique.
  2852 | D:4      | Noticed Edmund
  2870 | D:4      | Killed Edmund
  2989 | D:4      | Found a roughly hewn altar of Beogh.
  3028 | D:4      | Killed flinch's ghost
  3028 | D:4      | Reached skill level 11 in Axes
  3117 | D:5      | Entered Level 5 of the Dungeon
  3290 | D:5      | Reached *** piety under Makhleb
  3389 | D:5      | Found a staircase to the Ecumenical Temple.
  3522 | D:5      | Reached skill level 12 in Axes
  3620 | D:5      | Found Coqasoimo's Armour Shop.
  3816 | D:6      | Noticed Pikel
  3849 | D:6      | Killed Pikel
  3849 | D:6      | Reached skill level 13 in Axes
  3849 | D:6      | Gained mutation: You passively map the area around you. [Deep Dwarf growth]
  3849 | D:6      | Reached XP level 9. HP: 74/74 MP: 7/7
  3961 | D:6      | Noticed Prince Ribbit
  4492 | D:6      | Killed Prince Ribbit
  4622 | D:7      | Reached skill level 14 in Axes
  4904 | D:7      | Reached **** piety under Makhleb
  5112 | D:7      | Found a sacrificial altar of Ru.
  5602 | D:8      | Reached skill level 1 in Invocations
  5709 | D:8      | Reached XP level 10. HP: 81/81 MP: 7/9
  5917 | D:8      | Found an iron altar of Okawaru.
  6351 | D:8      | Found a deep blue altar of Sif Muna.
  6539 | D:9      | Found a staircase to the Lair.
  6574 | D:9      | Reached skill level 5 in Invocations
  6602 | D:9      | Reached ***** piety under Makhleb
  6878 | D:9      | Reached skill level 5 in Armour
  6878 | D:9      | Reached skill level 5 in Shields
  6977 | D:9      | Noticed a two-headed ogre
  6983 | D:9      | Killed a two-headed ogre
  7318 | D:9      | Found a basalt altar of Yredelemnul.
  7543 | D:9      | Reached XP level 11. HP: 88/88 MP: 15/15
  7591 | D:10     | Entered Level 10 of the Dungeon
  7765 | D:10     | Noticed a five-headed hydra
  7775 | D:10     | Slain by a nine-headed hydra

Vault maps used:
D:1:      erik_arrival_orb_chamber, serial_glass, glass_columns_b,
          glass_columns_a, minmay_strange_pillars, item_on_display_a,
          minmay_strange_pillars, feat_on_display
D:2:      lemuel_crystal_altar, lemuel_crystal_altar,
          chequers_ecumenical_altar_lobes, uniq_sigmund, uniq_natasha
D:3:      elyvilon_altar_4, okawaru_ov_weapons_minmay, uniq_grinder,
          uniq_jessica
D:4:      evilmike_ruin_ashenzari, kennysheep_mini_moat, serial_shops,
          nicolae_shop_behind_doors, shop_fountains, shop_fountains, shop,
          shop_statue, biasface_ghost_orc_armoury, uniq_edmund, uniq_menkaure
D:5:      minmay_temple_entry_junction, first_ration, serial_shops, shop,
          minmay_fountain_box
D:6:      uniq_prince_ribbit1, uniq_pikel
D:7:      nicolae_ru_awakened_eye, kennysheep_generic_room_3
D:8:      lemuel_crystal_altar, led_sif_book
D:9:      lemuel_mausoleum_altar_yredelemnul, due_lair_maze_entry_diamond

Skill      XL: |  1  2  3  4  5  6  7  8  9 10 11 |
---------------+----------------------------------+-----
Axes           | 3 6 7 8 10 13 14 | 14.9
Invocations    | 1 8 9 |  9.0
Armour         | 6 |  6.3
Shields        | 6 |  6.3
Fighting       | |  2.6

Action                   |  1- 3 |  4- 6 |  7- 9 | 10-12 || total
-------------------------+-------+-------+-------+-------++-------
Melee: War axe           |   164 |   131 |       |       ||   295
       Hand axe          |       |       |   598 |   399 ||   997
Invok: Minor Destruction |       |       |       |    11 ||    11
       Lesser Servant of |       |       |       |     1 ||     1
 Abil: Heal Wounds       |       |     2 |     1 |     1 ||     4
  Use: Scroll            |       |     4 |     9 |     3 ||    16
 Stab: Distracted        |       |       |     1 |       ||     1
  Eat: Chunk             |       |     4 |    10 |     8 ||    22
       Ration            |       |       |     2 |     1 ||     3
Armor: Scale mail        |   101 |    45 |   154 |       ||   300
       Plate armour      |       |       |    31 |   145 ||   176
Dodge: Dodged            |    46 |    37 |   103 |    36 ||   222
Block: Shield            |    87 |    79 |   221 |   112 ||   499

Table legend:
 A = Spawn XP
 B = Non-spawn XP
 C = Spawn XP percentage of total XP
 D = Spawn monster count
 E = Non-spawn monster count
 F = Spawn count percentage of total count
 G = Total turns spent on level
                    A         B        C        D         E        F      G
               +---------+---------+-------+---------+---------+-------+---------
         Total |       0 |   12209 |   0.0 |       0 |     282 |   0.0 |  7775
               +---------+---------+-------+---------+---------+-------+---------
           D:1 |       0 |      55 |   0.0 |       0 |      37 |   0.0 |   763
           D:2 |       0 |     444 |   0.0 |       0 |      28 |   0.0 |   818
           D:3 |       0 |     586 |   0.0 |       0 |      34 |   0.0 |   671
           D:4 |       0 |     866 |   0.0 |       0 |      25 |   0.0 |   865
           D:5 |       0 |     485 |   0.0 |       0 |      21 |   0.0 |   678
           D:6 |       0 |    1741 |   0.0 |       0 |      17 |   0.0 |   823
           D:7 |       0 |    1278 |   0.0 |       0 |      37 |   0.0 |   954
           D:8 |       0 |     780 |   0.0 |       0 |      26 |   0.0 |   963
           D:9 |       0 |    4792 |   0.0 |       0 |      50 |   0.0 |  1056
          D:10 |       0 |    1182 |   0.0 |       0 |       7 |   0.0 |   184
               +---------+---------+-------+---------+---------+-------+---------
